 Dungeon Crawl Stone Soup version 0.28.0 (webtiles) character file.

Game seed: 2674007659293837478

3012 willcat the Thaumaturge (level 9, -1/48 HPs)
             Began as a Deep Elf Ice Elementalist on Feb 8, 2022.
             Was an Initiate of Sif Muna.
             Slain by a wolf (4 damage)
             ... on level 8 of the Dungeon.
             The game lasted 00:15:53 (10121 turns).

willcat the Thaumaturge (DEIE)                     Turns: 10121, Time: 00:15:53

Health: -1/48      AC: 15    Str:  5    XL:     9   Next: 55%
Magic:  12/26      EV: 12    Int: 31    God:    Sif Muna [......]
Gold:   307        SH:  0    Dex: 15    Spells: 18/30 levels left

rFire   . . .      SeeInvis .   b - +3 demon trident (drain)
rCold   . . .      Faith    .   (no shield)
rNeg    . . .      Spirit   .   a - +0 robe
rPois   .          Reflect  .   (no helmet)
rElec   .          Harm     .   C - +0 cloak
rCorr   .          Rampage  .   w - +0 pair of gloves
Will    .....                   t - +0 pair of boots
Stlth   ++........              D - amulet of the acrobat
HPRegen 0.16/turn               B - +6 ring of intelligence
MPRegen 0.20/turn               (no ring)

@: ice-armoured, freezing walls
A: no striking features
a: Renounce Religion


You were on level 8 of the Dungeon.
You worshipped Sif Muna.
Sif Muna was noncommittal.
You visited 3 branches of the dungeon, and saw 10 of its levels.
You also visited: Sewer.

You collected 307 gold pieces.

Inventory:

Hand Weapons
 b - a +3 demon trident of draining (weapon)
Missiles
 x - a throwing net
Armour
 a - a +0 robe (worn)
 t - a +0 pair of boots (worn)
 w - a +0 pair of gloves (worn)
 C - a +0 cloak (worn)
Jewellery
 B - a +6 ring of intelligence (left hand)
 D - an amulet of the acrobat (around neck)
Wands
 q - a wand of polymorph (11)
 u - a wand of flame (27)
 z - a wand of acid (11)
 F - a wand of digging (3)
 G - a wand of charming (7)
Scrolls
 d - 2 scrolls of amnesia
 f - 2 scrolls of summoning
 h - 2 scrolls of vulnerability
 m - 3 scrolls of teleportation
 n - a scroll of blinking
 s - a scroll of magic mapping
 y - a scroll of silence
Potions
 c - 3 potions of invisibility
 e - 3 potions of mutation
 g - 8 potions of curing
 j - a potion of ambrosia {unknown}
 k - 2 potions of might {unknown}
 l - 4 potions of haste {unknown}
 o - a potion of flight {unknown}
 p - 2 potions of brilliance {unknown}
 r - 2 potions of heal wounds
 A - a potion of resistance {unknown}
 E - a potion of lignification {unknown}


   Skills:
 + Level 1.8 Fighting
 + Level 1.6 Polearms
 - Level 2.4 Dodging
 - Level 2.4 Stealth
 + Level 11.1 Spellcasting
 - Level 3.5 Conjurations
 + Level 2.0 Necromancy
 - Level 3.5 Fire Magic
 + Level 10.1 Ice Magic


You had 18 spell levels left.
You knew the following spells:

 Your Spells              Type           Power      Damage    Failure   Level
a - Freeze                Ice            100%       1d11      1%          1
b - Frozen Ramparts       Ice            100%       1d12      1%          3
c - Foxfire               Conj/Fire      100%       2x1d9     1%          1
d - Ozocubu's Armour      Ice            68%        N/A       1%          3
e - Dispel Undead         Necr           30%        3d14      12%         4

Your spell library contained the following spells:

 Spells                   Type           Power      Damage    Failure   Level
 Conjure Flame            Conj/Fire      39%        6-21      1%          3
 Hailstorm                Conj/Ice       56%        3d12      1%          4
 Corpse Rot               Necr/Air       46%        N/A       3%          2
 Inner Flame              Hex/Fire       28%        N/A       4%          3
 Flame Wave               Conj/Fire      39%        2d9       7%          4
 Metabolic Englaciation   Hex/Ice        24%        N/A       10%         5
 Petrify                  Tmut/Erth      17%        N/A       28%         4
 Death Channel            Necr           15%        N/A       88%         6
 Statue Form              Tmut/Erth      11%        N/A       99%         6


Dungeon Overview and Level Annotations

Branches:
Dungeon (8/15)             Temple (1/1) D:7            Lair (1/6) D:8
  Sewer (visited)

Altars:
Ashenzari
Dithmenos
Elyvilon
Fedhas
Gozag
Kikubaaqudgha
Makhleb
Nemelex Xobeh
Ru
Sif Muna
Trog
Uskayaw
Vehumet
Xom
Yredelemnul
Zin
The Shining One

Shops:
D:3 !   D:4 (

Portals:
Abyss: D:3

Annotations:
D:3 2 transporters, PerfectTommy's ghost, amateur MiBe


Message History

You hit the wolf. You drain the wolf.
The wolf is heavily wounded.
Your surroundings seem slightly different.
Your icy armour cracks and falls away as you move.
A nearby fungus withers and dies. x2
Unknown command.
The wolf completely misses you.
Casting: Ozocubu's Armour (safe; 1% risk of failure)
Confirm with . or Enter, or press ? or * to list all spells.
You conjure some foxfire!
The foxfire hits the wolf.
The wolf is severely wounded.
Unknown command.
Casting: Foxfire (safe; 1% risk of failure)
Confirm with . or Enter, or press ? or * to list all spells.
Casting: Frozen Ramparts (safe; 1% risk of failure)
Press: ? - help, Dir - look around, f - activate The walls around you are covered in ice.
The foxfire hits the wolf.
The wolf is almost dead.
The wall freezes the wolf. x2; The wolf bites you.
* * * LOW HITPOINT WARNING * * *
The wall freezes the wolf!
You kill the wolf!
Sif Muna accepts your kill.
The wall freezes the wolf. x2; The wolf bites you.
* * * LOW HITPOINT WARNING * * *
Your Necromancy skill increases to level 2!
Casting: Frozen Ramparts (safe; 1% risk of failure)
Confirm with . or Enter, or press ? or * to list all spells.
A film of ice covers your body!
The wall freezes the wolf. x2
The wolf bites you.
* * * LOW HITPOINT WARNING * * *
The wall freezes the wolf. x2; The wolf misses you.
Unknown command.
Unknown command.
You hit the wolf. You drain the wolf.
You kill the wolf!
Sif Muna accepts your kill.
The wall freezes the wolf. x2; The wolf bites you.
You die...

............#......###.....##
.........#..#.#.#...≈...#.###
.........##.####..#...#..#..#
......#####...##.##..P##.#..#
.....####......#..P...P..#.##
...............#≈..P§P..≈#.#
...............#...hPP...###
...............#h##P..##.#
...............#@.#...#..##
................#...≈...#.#
..........(..#..§..###....#
..........#.)##...........#
.............###........###
........(...###....###.##
#.#..........#.....# ###
..###............### ..#
#...........>.#


You could see a wolf.

Vanquished Creatures
  Pikel (D:4)
  A yak (D:5)
  Edmund (D:6)
  A water moccasin (D:5)
  3 ice beasts
  A sky beast (D:5)
  A necrophage (D:8)
  2 ogres
  2 wolves (D:8)
  A phantom (D:4)
  A centaur (D:8)
  2 lemures (D:3)
  2 bullfrogs
  A gnoll sergeant (D:6)
  2 scorpions
  A water moccasin zombie (D:5)
  3 wights (D:8)
  5 jellies
  A centaur skeleton (D:6)
  An orc priest (D:7)
  4 hounds
  A bullfrog skeleton (D:3)
  7 iguanas
  2 orc wizards (D:7)
  A hound skeleton (D:5)
  A hound zombie (D:5)
  8 gnolls
  A howler monkey skeleton (D:7)
  9 adders
  2 river rats (Sewer)
  An adder skeleton (D:4)
  5 worms
  3 dart slugs
  12 orcs
  6 endoplasms
  5 giant cockroaches
  7 goblins
  7 hobgoblins
  5 jackals
  4 quokkas
  8 ball pythons
  4 bats
  A frilled lizard (Sewer)
  9 kobolds
  6 rats
152 creatures vanquished.

Vanquished Creatures (others)
  123 foxfires
  2 fungi (D:8)
  A plant (Sewer)
126 creatures vanquished.

Grand Total: 278 creatures vanquished

Notes
Turn   | Place    | Note
-------+----------+-------------------------------------------
     0 | D:1      | willcat the Deep Elf Ice Elementalist began the quest for
                  | the Orb.
     0 | D:1      | Reached XP level 1. HP: 10/10 MP: 6/6
   242 | D:1      | Reached XP level 2. HP: 12/15 MP: 2/8
   802 | D:1      | Reached skill level 4 in Spellcasting
   845 | D:2      | Reached skill level 5 in Ice Magic
   921 | D:2      | Reached XP level 3. HP: 19/19 MP: 10/10
   983 | D:2      | Learned a level 3 spell: Frozen Ramparts
  1190 | D:2      | Found a glowing silver altar of Zin.
  1559 | D:3      | Noticed a small abomination
  1559 | D:3      | Noticed PerfectTommy's ghost (amateur MiBe)
  1560 | D:3      | Found a one-way gate to the infinite horrors of the Abyss.
  1567 | D:3      | Found a transporter.
  1605 | D:3      | Found a transporter.
  1806 | D:3      | Reached XP level 4. HP: 24/24 MP: 12/12
  2133 | D:3      | Found Jizue's Distillery.
  2262 | D:3      | Reached skill level 5 in Spellcasting
  2592 | D:3      | Learned a level 1 spell: Foxfire
  2643 | D:4      | Reached XP level 5. HP: 12/28 MP: 11/14
  2892 | D:4      | Reached skill level 1 in Conjurations
  2892 | D:4      | Reached skill level 1 in Fire Magic
  2946 | D:4      | Noticed an ice beast
  2988 | D:4      | Killed an ice beast
  3130 | D:4      | Reached XP level 6. HP: 32/32 MP: 13/16
  3417 | D:4      | Found Zuts's Antique Weapon Shop.
  3417 | D:4      | Noticed Pikel
  3773 | D:4      | Killed Pikel
  3774 | D:4      | Reached skill level 6 in Spellcasting
  3774 | D:4      | Reached XP level 7. HP: 22/36 MP: 7/19
  3994 | D:4      | Learned a level 3 spell: Ozocubu's Armour
  4414 | D:5      | Entered Level 5 of the Dungeon
  4675 | D:5      | Reached skill level 7 in Spellcasting
  5161 | D:5      | Reached XP level 8. HP: 32/41 MP: 11/21
  5318 | D:5      | Reached skill level 8 in Spellcasting
  6007 | D:5      | Reached skill level 9 in Spellcasting
  6542 | D:6      | Found a glowing drain.
  6546 | Sewer    | Entered a sewer
  7189 | D:6      | You fall into a shaft and drop 1 floor!
  7401 | D:7      | Found a shadowy altar of Dithmenos.
  7425 | D:6      | Reached skill level 10 in Spellcasting
  7972 | D:6      | Reached XP level 9. HP: 45/45 MP: 21/25
  7999 | D:6      | Noticed Edmund
  8017 | D:6      | Killed Edmund
  8647 | D:7      | Found a staircase to the Ecumenical Temple.
  8678 | Temple   | Entered the Ecumenical Temple
  8785 | Temple   | Became a worshipper of Sif Muna the Loreminder
  9062 | D:7      | Found a sacrificial altar of Ru.
  9292 | D:7      | Found a white marble altar of Elyvilon.
  9467 | D:7      | Learned a level 4 spell: Dispel Undead
  9491 | D:8      | Reached skill level 1 in Fighting
  9491 | D:8      | Reached skill level 1 in Polearms
  9512 | D:7      | Reached skill level 1 in Necromancy
  9581 | D:8      | Reached skill level 11 in Spellcasting
  9581 | D:8      | Reached skill level 10 in Ice Magic
  9941 | D:8      | Found a staircase to the Lair.
 10100 | Lair:1   | Entered Level 1 of the Lair of Beasts
 10107 | Lair:1   | Noticed a komodo dragon
 10121 | D:8      | Slain by a wolf

Illustrated notes

Levels and vault maps discovered:
D:1:      psy_arrival_dodecagon, layout_basic, serial_bayou_pond_b,
          supply_closet_lemuel
D:2:      layout_rooms, basic_altar
D:3:      layout_loops_cross, gammafunk_ghost_abyssal_escape, serial_shops,
          nicolae_shop_advertising_works [nicolae_subvault_shop_adworks],
          minmay_misc_feat_square, nicolae_wormholes
D:4:      layout_layer_cave, serial_shops, nicolae_shop_crystal,
          amcnicky_mini_pool_small, uniq_pikel
D:5:      layout_rooms, chequers_mini_garden, minmay_small_thing
D:6:      layout_loops_corners, gup_sewer_entry_spiral, uniq_edmund
D:7:      layout_loops_ring, kennysheep_mini, mainiacjoe_overflow_paths,
          mainiacjoe_overflow_catwalk, minmay_temple_entry_wispy
D:8:      layout_cave_pools, dpeg_oklobed_lair
Temple:   regret_index_temple_waves
Lair:1:   minmay_guarded_unrand_snakebite, layout_cave_shapes,
          lemuel_fruit_tree, serial_bayou_shore_a

Skill      XL: |  1  2  3  4  5  6  7  8  9 |
---------------+----------------------------+-----
Spellcasting   | 4 5 6 7 10 11 | 11.1
Ice Magic      | 5 6 7 9 10 | 10.1
Conjurations   | 1 3 |  3.5
Fire Magic     | 1 3 |  3.5
Fighting       | 1 |  1.8
Polearms       | 1 |  1.6
Necromancy     | 2 |  2.0
Dodging        | |  2.4
Stealth        | |  2.4

Action                   |  1- 3 |  4- 6 |  7- 9 || total
-------------------------+-------+-------+-------++-------
Melee: Dagger            |    28 |    41 |   110 ||   179
       Punch             |     1 |       |     4 ||     5
       Demon trident     |       |       |    36 ||    36
 Cast: Freeze            |    47 |    23 |    31 ||   101
       Frozen Ramparts   |       |     3 |    29 ||    32
       Foxfire           |       |    25 |    52 ||    77
       Ozocubu's Armour  |       |       |    20 ||    20
Evoke: Wand              |       |       |     1 ||     1
  Use: Scroll            |       |       |    15 ||    15
 Stab: Sleeping          |     3 |     8 |     1 ||    12
Armor: Robe              |    10 |    15 |    62 ||    87
Dodge: Dodged            |    37 |    50 |   149 ||   236
